 Dungeon Crawl Stone Soup version 0.30-a0-782-ge64f9170bb (webtiles) character file.

Game seed: 12476870965957592366

234 Gargoyl the Trooper (level 6, 0/39 HPs)
             Began as a Gargoyle Berserker on Feb 21, 2023.
             Was a Believer of Trog.
             Slain by a quokka (2 damage)
             ... summoned by Eustachio
             ... on level 4 of the Dungeon.
             The game lasted 00:03:28 (2546 turns).

Gargoyl the Trooper (Gargoyle Berserker)            Turns: 2546, Time: 00:03:29

Health: 0/39       AC: 18    Str: 20    XL:     6   Next: 5%
Magic:  6/6        EV: 10    Int:  8    God:    Trog [**....]
Gold:   217        SH:  0    Dex: 11    Spells: 5/5 levels left

rFire   . . .      SeeInvis +    n - +2 hand axe (venom)
rCold   . . .      Faith    .    (no shield)
rNeg    + . .      Spirit   .    p - +0 scale mail
rPois   ∞          Reflect  .    m - +0 helmet
rElec   +          Harm     .    c - +0 cloak
rCorr   .          Rampage  .    g - +0 pair of gloves
Will    .....                    (no boots) Stlth
                                 h - amulet of the acrobat
HPRegen 0.26/turn                b - +4 ring of protection
MPRegen 0.10/turn                q - ring of see invisible

@: mighty, brilliant, flying
A: sickness immunity, AC +4, negative energy resistance 1, electricity
resistance, torment resistance 1, petrification resistance, see invisible,
MP-powered wands
a: Renounce Religion, Berserk, Trog's Hand


You were on level 4 of the Dungeon.
You worshipped Trog.
Trog was pleased with you.
You visited 1 branch of the dungeon, and saw 4 of its levels.

You collected 217 gold pieces.

Inventory:

Hand Weapons
 a - a +0 hand axe
 n - a +2 hand axe of venom (weapon)
Armour
 c - a +0 cloak (worn)
 g - a +0 pair of gloves (worn)
 m - a +0 helmet (worn)
 p - a +0 scale mail (worn)
Jewellery
 b - a +4 ring of protection (left hand)
 h - an amulet of the acrobat (around neck)
 q - a ring of see invisible (right hand)
 u - an amulet of magic regeneration
Scrolls
 e - a scroll of butterflies
 j - 2 scrolls of identify {unknown}
 k - 2 scrolls of poison {unknown}
 l - a scroll of magic mapping {unknown}
 o - a scroll of enchant weapon {unknown}
 r - a scroll of noise {unknown}


   Skills:
 + Level 4.5 Fighting
 + Level 1.5 Short Blades
 + Level 4.2 Axes
 + Level 2.7 Armour
 + Level 2.3 Dodging
 + Level 0.9 Stealth


You had 5 spell levels left.
You didn't know any spells.
Your spell library was empty.

Dungeon Overview and Level Annotations

Branches:
Dungeon (4/15)
 Temple: D:4-7

Altars:

Shops:
D:2 :

Annotations:
D:4 Eustachio


Innate Abilities, Weirdness & Mutations

You are immune to sickness and miasma.
Your stone body is resilient. (AC +4)
You are immune to poison.
You resist negative energy. (rN+)
You are resistant to electric shocks. (rElec)
You are resistant to unholy torment.
You are immune to petrification.
You have supernaturally acute eyesight. (SInv)
You expend magic power (3 MP) to strengthen your wands.


Message History

You are confused.
Eustachio closely misses you.
The iron imp hits you but does no damage.
Okay, then.
It was a potion of might.
You feel very mighty all of a sudden. The river rat bites you.
* * * LOW HITPOINT WARNING * * *
The orc wizard hits you but does no damage.
Eustachio casts a spell.
Eustachio blinks!
It was a potion of flight.
You feel very buoyant.
You fly up into the air.
The iron imp closely misses you.
The river rat bites you but does no damage.
The orc wizard hits you but does no damage.
It was a potion of mutation.
You feel extremely strange.
Your vision sharpens.
You feel your magical essence link to the dungeon's wands.
You kill the crimson imp!
The crimson imp disappears in a puff of smoke!
The quokka bites you.
* * * LOW HITPOINT WARNING * * *
The river rat bites you but does no damage.
The iron imp barely misses you.
The orc wizard hits you but does no damage.
It was a potion of brilliance.
You feel clever all of a sudden.
You kill the river rat!
The river rat's corpse disappears in a puff of smoke!
The quokka barely misses you. The iron imp hits you.
* * * LOW HITPOINT WARNING * * *
The orc wizard closely misses you.
Eustachio gestures wildly while chanting.
Eustachio blinks!
Unknown command.
You feel less confused.
The quokka bites you but does no damage.
The orc wizard misses you. The quokka bites you.
You die...

.. ..#.. ### ..#
#.... ##..## #...
#.#.###....##
##..##...##......##.
......##............
#....#............
#.....##$.........
#....o..[(.......
##.#@##..........
#.5§r...........
#...............
.................
.#.$....###§...... #
..#$.#.. ...#?.#
.......#.# ###....
........ ..


You could see an iron imp (summoned), an orc wizard (invisible) and a quokka
(summoned).

Vanquished Creatures
  An ogre (D:3)
  2 orc wizards
  3 adders (D:3)
  A worm (D:2)
  A dart slug (D:3)
  9 orcs
  4 endoplasms
  2 giant cockroaches
  6 goblins
  5 hobgoblins
  2 jackals (D:3)
  2 quokkas (D:1)
  6 ball pythons
  3 bats
  5 frilled lizards
  7 kobolds
  6 rats
65 creatures vanquished.

Vanquished Creatures (others)
  A plant (D:1)
1 creature vanquished.

Grand Total: 66 creatures vanquished

Notes
Turn   | Place    | Note
-------+----------+-------------------------------------------
     0 | D:1      | Gargoyl the Gargoyle Berserker began the quest for the Orb.
     0 | D:1      | Reached XP level 1. HP: 14/14 MP: 1/1
   178 | D:1      | Reached XP level 2. HP: 19/19 MP: 2/2
   843 | D:2      | Reached XP level 3. HP: 24/24 MP: 3/3
  1145 | D:2      | Found Mimeu's Book Boutique.
  1193 | D:2      | Reached XP level 4. HP: 18/29 MP: 4/4
  1859 | D:3      | Reached ** piety under Trog
  1860 | D:3      | Reached skill level 1 in Short Blades
  2024 | D:3      | Reached XP level 5. HP: 33/33 MP: 5/5
  2423 | D:4      | Noticed an ogre
  2424 | D:4      | Noticed Eustachio
  2467 | D:3      | Killed an ogre
  2468 | D:3      | Reached XP level 6. HP: 39/39 MP: 6/6
  2544 | D:4      | Gained mutation: You have supernaturally acute eyesight.
                  | (SInv) [potion of mutation]
  2544 | D:4      | Gained mutation: You expend magic power (3 MP) to
                  | strengthen your wands. [potion of mutation]
  2546 | D:4      | Slain by a quokka

Illustrated notes

Levels and vault maps discovered:
D:1:      kennysheep_arrival_seaside, layout_rooms, minmay_quantized
D:2:      layout_loops_corners, serial_shops, shop,
          chequers_serial_rivers_small_3
D:3:      layout_basic
D:4:      layout_rooms, serial_shops, nicolae_shop_crystal, minivault_19,
          uniq_eustachio

Skill      XL: |  1  2  3  4  5 |
---------------+----------------+-----
Axes           | 3 4 |  4.2
Fighting       | 4 |  4.5
Dodging        | 2 |  2.3
Short Blades   | 1 |  1.5
Armour         | |  2.7
Stealth        | |  0.9

Action                     |  1- 3 |  4- 6 || total
---------------------------+-------+-------++-------
  Melee: Hand axe          |    59 |    84 ||   143
         Short sword       |    50 |       ||    50
         Punch             |     1 |       ||     1
 Invoke: Berserk           |     3 |       ||     3
         Trog's Hand       |       |     1 ||     1
    Use: Scroll            |     4 |       ||     4
         Potion            |       |     5 ||     5
   Stab: Sleeping          |     1 |       ||     1
 Armour: Animal skin       |    25 |       ||    25
         Scale mail        |       |    64 ||    64
  Dodge: Dodged            |    77 |    81 ||   158

Table legend: (Time is in decaauts)
 A = Elapsed time spent in this place.
 B = Non-inter-level travel time spent in this place.
 C = Inter-level travel time spent in this place.
 D = Time resting spent in this place.
 E = Time spent auto-exploring this place.
 F = Levels seen in this place.
 G = Mean time per level.
                   A        B        C        D        E       F      G
               +--------+--------+--------+--------+--------+-----+--------+
         Total |   2575 |   2438 |    137 |     18 |   1798 |   4 |  643.8 |
       Dungeon |   2575 |   2438 |    137 |     18 |   1798 |   4 |  643.8 |
               +--------+--------+--------+--------+--------+-----+--------+

Top non-repeatable levels by time:
     D:2: 938 daAuts
     D:1: 850 daAuts
     D:3: 735 daAuts
     D:4: 50 daAuts
